 Dungeon Crawl Stone Soup version 0.30.1-4-g462c640d31 (webtiles) character file.

Game seed: 1932747335483772730

252 Zeor the Slasher (level 5, -4/36 (42) HPs)
             Began as a Draconian Reaver on Aug 25, 2023.
             Slain by a water moccasin (5 damage)
             ... on level 3 of the Dungeon.
             The game lasted 00:05:05 (2090 turns).

Zeor the Slasher (Draconian Reaver)                 Turns: 2090, Time: 00:05:05

HP:   -4/36 (42)    AC:  8    Str: 14    XL:     5   Next: 89%
MP:   5/9           EV: 12    Int: 14    God:
Gold: 142           SH:  0    Dex: 11    Spells: 3/9 levels left

rFire   . . .        a - +0 falchion
rCold   . . .        (no shield)
rNeg    . . .        (body armour unavailable)
rPois   .            b - +2 hat
rElec   .            (no cloak)
rCorr   +            (no gloves)
SInv    .            h - +0 pair of boots
Will    +....        (no amulet)
Stlth   +            f - ring of willpower
HPRegen 0.26/turn    j - ring of resist corrosion
MPRegen 0.11/turn

%: no passive effects
@: heavily drained
A: AC +5, unfitting armour, cold-blooded
a: no special abilities


You were on level 3 of the Dungeon.
You visited 1 branch of the dungeon, and saw 3 of its levels.

You collected 142 gold pieces.

Inventory:

Hand Weapons
 a - a +0 falchion (weapon)
Missiles
 d - 6 atropa-tipped darts
Armour
 b - a +2 hat (worn)
 h - a +0 pair of boots (worn)
Jewellery
 f - a ring of willpower (left hand)
 j - a ring of resist corrosion (right hand)
Wands
 l - a wand of roots (5)
Scrolls
 i - a scroll of magic mapping
Potions
 c - a potion of magic
 e - a potion of attraction
 k - a potion of curing


   Skills:
 + Level 2.6 Fighting
 + Level 4.4 Long Blades
 * Level 3.5 Dodging
 + Level 0.3 Stealth
 * Level 2.6 Spellcasting
 + Level 3.6 Conjurations
 + Level 0.3 Necromancy
 + Level 0.2 Translocations


You had 3 spell levels left.
You knew the following spells:

 Your Spells              Type           Power      Damage    Failure   Level
h - Hailstorm             Conj/Ice       7%         3d4       30%         3
k - Kiss of Death         Conj/Necr      28%        2d7       10%         1
s - Momentum Strike       Conj/Tloc      14%        3d8       16%         2

Your spell library contained the following spells:

 Spells                   Type           Power      Damage    Failure   Level


Dungeon Overview and Level Annotations

Branches:
Dungeon (3/15)

Altars:


Innate Abilities, Weirdness & Mutations

Your plain brown scales are hard. (AC +5)
You cannot fit into any form of body armour.
You are cold-blooded and may be slowed by cold attacks.


Message History

You feel sick. The water moccasin bites you. The water moccasin misses you.
You barely miss the water moccasin.
The water moccasin is severely wounded.
You feel sick.
The water moccasin bites you but does no damage.
You barely miss the water moccasin.
The water moccasin is severely wounded.
You are no longer robbed of momentum.
You feel sick. The water moccasin closely misses you.
The water moccasin bites you.
You closely miss the water moccasin.
The water moccasin is severely wounded.
You feel sick. The water moccasin bites you.
You completely miss the water moccasin.
The water moccasin is severely wounded.
You feel sick. The water moccasin bites you.
The water moccasin completely misses you.
You miss the water moccasin.
The water moccasin is severely wounded.
You feel sick.
You are no longer poisoned.
The water moccasin bites you.
* * * LOW HITPOINT WARNING * * *
You barely miss the water moccasin.
The water moccasin is severely wounded.
The water moccasin bites you but does no damage.
The water moccasin closely misses you.
You hit the water moccasin but do no damage.
The water moccasin is severely wounded.
The water moccasin closely misses you.
You barely miss the water moccasin.
Your tail-slap misses the water moccasin.
The water moccasin is severely wounded.
The water moccasin bites you.
* * * LOW HITPOINT WARNING * * *
The water moccasin misses you.
You miss the water moccasin.
The water moccasin is severely wounded.
The water moccasin bites you.
You die...

▒▒▒▒▒▒▒▒▒▒▒▒▒▒▒▒▒
▒∙∙∙∙∙∙∙∙∙∙∙∙∙∙∙▒
▒∙▒▒▒▒▒▒▒▒▒▒▒▒▒∙▒
▒∙▒ ▒∙∙∙▒∙▒
▒▒▒▒▒∙▒▒▒▒∙▒
▒∙▒∙▒∙▒
▒∙∙∙∙∙∙∙∙∙∙▒
▒∙▒∙▒∙▒
▒∙▒▒▒▒d▒▒▒▒▒
▒∙▒<▒∙▒ ▒S▒
▒∙▒∙▒∙▒ ∙∙∙
▒∙▒▒▒∙▒ ▒∙∙∙∙
▒∙)∙∙∙▒


∙∙∙∙∙∙ ▒▒▒▒▒▒▒ ∙∙∙∙∙∙∙■ ∙∙∙∙∙∙∙▒ ∙∙∙▒■▒▒▒▒ You could see a water moccasin
(drained).

Vanquished Creatures
  Sigmund (D:2)
  3 adders (D:2)
  A worm (D:2)
  2 dart slugs
  5 endoplasms
  6 hobgoblins
  5 jackals
  2 quokkas (D:2)
  4 ball pythons
  3 bats (D:1)
  2 frilled lizards (D:1)
  6 goblins
  3 kobolds
  2 rats (D:1)
45 creatures vanquished.

Notes
Turn   | Place    | Note
-------+----------+-------------------------------------------
     0 | D:1      | Zeor the Draconian Reaver began the quest for the Orb.
     0 | D:1      | Reached XP level 1. HP: 17/17 MP: 3/3
   260 | D:1      | Reached XP level 2. HP: 22/24 MP: 5/5
  1226 | D:2      | Reached XP level 3. HP: 27/29 MP: 6/6
  1230 | D:2      | Learned a level 2 spell: Momentum Strike
  1234 | D:2      | Learned a level 3 spell: Hailstorm
  1469 | D:2      | Noticed Sigmund
  1490 | D:2      | Killed Sigmund
  1491 | D:2      | Reached skill level 4 in Long Blades
  1491 | D:2      | Reached XP level 4. HP: 18/37 MP: 2/8
  1491 | D:2      | Reached XP level 5. HP: 20/42 MP: 2/9
  2074 | D:3      | Noticed a water moccasin
  2089 | D:3      | HP: 1/36 [water moccasin (6)]
  2090 | D:3      | Slain by a water moccasin

Illustrated notes

Levels and vault maps discovered:
D:1:      dpeg_arrival_more_subterranean_lakeside_camping, layout_basic
D:2:      layout_basic, minmay_pentomino_p4, uniq_sigmund
D:3:      layout_basic, nicolae_gozag_cash_rules_everything_around_me,
          general_overflow_altar, grunt_ministairs_10, uniq_crazy_yiuf_cottage

Skill      XL: |  1  2  3 |
---------------+----------+-----
Dodging        | 2 3 |  3.5
Long Blades    | 4 |  4.4
Fighting       | |  2.6
Stealth        | |  0.3
Spellcasting   | |  2.6
Conjurations   | |  3.6
Necromancy     | |  0.3
Translocations | |  0.2

Action                     |  1- 3 |  4- 6 || total
---------------------------+-------+-------++-------
  Melee: Falchion          |   134 |    25 ||   159
         Tailslap          |    10 |     3 ||    13
         Punch             |     2 |       ||     2
   Cast: Momentum Strike   |     6 |     6 ||    12
         Kiss of Death     |     2 |     1 ||     3
    Use: Scroll            |     5 |     1 ||     6
         Potion            |     1 |       ||     1
 Armour: Skin              |    53 |     7 ||    60
  Dodge: Dodged            |    85 |    16 ||   101
